 Dungeon Crawl Stone Soup version 0.19.0 (webtiles) character file.

25 Magifyre the Scratcher (level 2, -2/12 HPs)
             Began as a Felid Transmuter on Nov 10, 2016.
             Slain by an adder (4 damage)
             ... on level 2 of the Dungeon.
             The game lasted 00:02:35 (984 turns).

Magifyre the Scratcher (Felid Transmuter)            Turns: 984, Time: 00:02:36

Health: -2/12      AC:  1    Str:  6    XL:     2   Next: 82%
Magic:  6/6        EV: 18    Int: 14    God:
Gold:   21         SH:  0    Dex: 16    Spells: 1 memorised, 4 levels left
                                        Lives:  0   Deaths: 0

rFire  . . .     SeeInvis +       - Unarmed
rCold  . . .     Gourm    .     (armour unavailable)
rNeg   . . .     Faith    .     (shield unavailable)
rPois  .         Spirit   .     (helmet unavailable)
rElec  .         Reflect  .     (cloak unavailable)
rCorr  .         Harm     .     (gloves unavailable)
MR     .....                    (boots unavailable)
Stlth  ++........               h - amulet of rage
                                (no ring)
                                (no ring)

@: very slightly contaminated, quick
A: no armour, no weapons or thrown items, stealth, claws 1, fangs 3, see
invisible, carnivore 3, speed 1, shaggy fur 1, slow metabolism 1, sharp paws
a: Evoke Berserk Rage


You were on level 2 of the Dungeon.
You were very full.

You visited 1 branch of the dungeon, and saw 2 of its levels.

You collected 21 gold pieces.

Inventory:

Missiles
 a - 43 arrows
Jewellery
 h - an amulet of rage (around neck)
Scrolls
 d - 3 scrolls of identify {unknown}
 j - a scroll of magic mapping {unknown}
 m - a scroll of random uselessness {unknown}
Potions
 e - a potion of curing {unknown}
 f - a potion of brilliance {unknown}
 g - a potion of agility {unknown}
 i - a potion of cancellation {unknown}
 k - a potion of invisibility {unknown}
 l - a potion of haste {unknown}
 o - a potion of heal wounds {unknown}
Books
 b - a book of Changes

   Spells                             Type                      Level
   a - Beastly Appendage              Transmutation                1
   b - Sticks to Snakes               Transmutation                2
   c - Spider Form                    Transmutation/Poison         3
   d - Ice Form                       Ice/Transmutation            4
   e - Blade Hands                    Transmutation                5
Comestibles
 c - a meat ration
 n - a chunk of flesh


   Skills:
 - Level 1.0 Fighting
 - Level 2.6 Dodging
 + Level 4.1 Unarmed Combat
 - Level 2.0 Spellcasting
 - Level 2.1 Transmutations


You had 4 spell levels left.
You knew the following spells:

 Your Spells              Type           Power        Failure   Level  Hunger
a - Beastly Appendage     Tmut           #.....       12%         1    ##.....


Dungeon Overview and Level Annotations

Branches:
Dungeon (2/15)

Altars:
Okawaru


Innate Abilities, Weirdness & Mutations

You cannot wear armour.
You are incapable of wielding weapons or throwing items.
Your paws allow you to move quietly. (Stealth)
You have sharp claws.
You have razor-sharp teeth.
You have supernaturally acute eyesight. (SInv)
You are carnivorous and can eat meat at any time.
You cover ground quickly.
You are covered in fur. (AC +1)
You have a slow metabolism.
Your sharp claws are effective at attacking unaware monsters.


Message History

* * * LOW HITPOINT WARNING * * *
You scratch the adder but do no damage.
The adder is heavily wounded.
The adder misses you.
You scratch the adder but do no damage.
The adder is heavily wounded.
The adder closely misses you. x2
You barely miss the adder.
The adder is heavily wounded.
The adder closely misses you.
You closely miss the adder.
The adder is heavily wounded.
The adder misses you.
You scratch the adder.
The adder is almost dead.
The adder completely misses you.
You completely miss the adder.
The adder is almost dead.
The adder bites you.
You die...

#.##..#########.
#............ ..
#.###.##...# #. #.#
#.##...# #. #.# #.#....#
#. #.# #.#.#..####< #.#
#...........
.########.#####.#..####<
....$$S@..!.# #.#..# #.
.....####.#.# #.#..# #.
... #.#.# #.#..# #. .
... . .....# ..
#..K........ ##
#########.#. .# #


You could see an adder.

Vanquished Creatures
  An ooze (D:1)
  A dart slug (D:1)
  A giant cockroach (D:1)
  A goblin (D:1)
  2 hobgoblins (D:1)
  4 kobolds (D:1)
  5 bats (D:1)
  4 rats
19 creatures vanquished.

Notes
Turn   | Place    | Note
-------+----------+-------------------------------------------
     0 | D:1      | Magifyre the Felid Transmuter began the quest for the Orb.
     0 | D:1      | Reached XP level 1. HP: 9/9 MP: 4/4
   325 | D:1      | Found an iron altar of Okawaru.
   350 | D:1      | Reached XP level 2. HP: 9/12 MP: 6/6
   682 | D:1      | Reached skill level 4 in Unarmed Combat
   984 | D:2      | Slain by an adder

Skill      XL: |  1  2 |
---------------+-------+-----
Unarmed Combat | 4 |  4.1
Fighting       | |  1.0
Dodging        | |  2.6
Spellcasting   | |  2.0
Transmutations | |  2.1

Action                   || total
-------------------------++-------
Melee: Unarmed           ||    71
       Bite              ||     5
       Headbutt          ||     2
 Cast: Beastly Appendage ||     2
 Stab: Sleeping          ||     4
  Eat: Chunk             ||     7
Armor: Skin              ||     3
Dodge: Dodged            ||    60
